AoeStats
← HANAMICHI

Arabia

510469897Analyzed
1v1 RM · 24h ago on Oct 1, 2026· 49m 1s· 2 players
Game mode
Random Map
Map size
Tiny (2 player)
Population
200
Speed
Normal
Resources
Standard
Victory
Conquest
Starting age
Dark Age
Ending age
Imperial Age
RankedLock teamsTeams togetherTeam positionsShared explorationLock speedFull tech treeHidden civsTurbo modeCheats
Victory
Defeat
🇺🇸 Tatars · United States
1054
+15
🇲🇽 Teutons · Mexico
1038
-15
HANAMICHI
14:10 Feudal Age
18:04 Loom
22:00 Castle Age
28:22 Wheelbarrow
34:43 Stone Mining
gilgamesh
7:57 Loom
11:26 Feudal Age
15:11 Fletching
22:39 Castle Age
22:26 Double-Bit Axe
25:26 Bodkin Arrow
48:26 Imperial Age
46:04 Husbandry
46:34 Bow Saw
46:11 Crossbowman
46:55 Padded Archer Armor
47:19 Bloodlines
Connection lost

Rejoining the realm…

Still unreachable

The connection could not be restored.

Session expired

The server has moved on; the page needs a fresh start.